 Dungeon Crawl Stone Soup version 0.22-a0-469-gf26638a71f (webtiles) character file.

10785 Manul the Carver (level 11, -5/77 HPs)
             Began as a Demonspawn Gladiator on June 11, 2018.
             Was an Initiate of Gozag.
             Killed from afar by Nergalle (32 damage)
             ... with a bolt of negative energy
             ... on level 10 of the Dungeon.
             The game lasted 00:17:50 (13277 turns).

Manul the Carver (Demonspawn Gladiator)            Turns: 13277, Time: 00:17:51

Health: -5/77      AC: 12    Str: 16    XL:     11   Next: 40%
Magic:  12/12      EV: 14    Int: 10    God:    Gozag
Gold:   844        SH:  0    Dex: 16    Spells: 10/10 levels left

rFire    . . .     SeeInvis .   A - +3 long sword (curse)
rCold    . . .     Gourm    .   (no shield)
rNeg     . . .     Faith    .   c - +1 leather armour of the Sky {rCorr}
rPois    +         Spirit   .   s - +1 hat
rElec    .         Reflect  .   (no cloak)
rCorr    +         Harm     .   y - +0 pair of gloves
MR       +....                  b - +0 pair of boots
Stlth    ++........             C - amulet of rage
HPRegen  0.22/turn              x - +2 ring of protection
MPRegen  0.13/turn              z - ring of protection from magic

@: flying, hasted, heavily drained, very quick
A: antennae 1, thin metallic scales 2, frail 1, foul stench 1, poison
resistance, powered by death 1, rot immunity, MP-powered wands
a: Potion Petition, Call Merchant, Bribe Branch, Renounce Religion, Evoke
Berserk Rage


You were on level 10 of the Dungeon.
You worshipped Gozag.
Gozag was pleased with you.
You were very hungry.

You visited 2 branches of the dungeon, and saw 11 of its levels.
You also visited: Sewer.

You collected 1677 gold pieces.
You spent 203 gold pieces at shops.
You paid 630 gold pieces to Gozag.

Inventory:

Hand Weapons
 a - a +0 long sword
 A - a cursed +3 long sword (weapon)
Armour
 b - a +0 pair of boots (worn)
 c - the +1 leather armour of the Sky (worn) {rCorr}
   (You bought it in a shop on level 9 of the Dungeon)

   It protects you from acid and corrosion.
 s - a +1 hat (worn)
 t - a +0 leather armour of fire resistance
 y - a +0 pair of gloves (worn)
Jewellery
 e - an uncursed amulet of guardian spirit
 h - an uncursed ring of flight
 x - a +2 ring of protection (left hand)
 z - a ring of protection from magic (right hand)
 C - an amulet of rage (around neck)
Scrolls
 g - 3 scrolls of enchant weapon {unknown}
 k - 4 scrolls of remove curse
 l - 2 scrolls of teleportation
 n - 4 scrolls of magic mapping
 o - a scroll of enchant armour {unknown}
 p - 7 scrolls of identify
 q - 2 scrolls of fog
 r - a scroll of immolation {unknown}
 v - a scroll of blinking
Potions
 d - 3 potions of flight {unknown}
 i - a potion of heal wounds
 j - 2 potions of curing
 m - 2 potions of resistance
 u - a potion of invisibility
 w - a potion of might
 D - a potion of haste
Comestibles
 f - 9 rations


   Skills:
 + Level 8.2(5.4) Fighting
 + Level 11.7(8.6) Long Blades
 - Level 1.9(0.0) Throwing
 + Level 4.8(2.2) Armour
 + Level 6.9(4.1) Dodging
 + Level 4.8(2.1) Stealth
 + Level 1.6(0.0) Evocations


You had 10 spell levels left.
You didn't know any spells.
Your spell library was empty.

Dungeon Overview and Level Annotations

Branches:
Dungeon (10/15)            Temple (1/1) D:6            Lair (0/6) D:9
    Orc: D:9-12

Altars:
Ashenzari
Cheibriados
Dithmenos
Elyvilon
Fedhas
Gozag
Hepliaklqana
Kikubaaqudgha
Makhleb
Nemelex Xobeh
Okawaru
Qazlal
Ru
Sif Muna
Trog
Uskayaw
Vehumet
Wu Jian
Xom
Yredelemnul
Zin
The Shining One

Shops:
D:7 (   D:9 [

Annotations:
D:10 Nergalle


Innate Abilities, Weirdness & Mutations

You have a pair of small antennae on your head.
You are mostly covered in thin metallic scales. (AC +3)
You may emit foul miasma when damaged in melee.
You regenerate a little health from kills.
You are immune to rotting.
You are frail. (-10% HP)
Your system is resistant to poisons. (rPois)
You expend magic power (3 MP) to strengthen your wands.


Message History

You hit Nergalle but do no damage.
Nergalle is almost dead.
You closely miss Nergalle.
Nergalle is almost dead.
The spectral orc warrior hits you but does no damage.
Nergalle points at you and mumbles some strange words.
The bolt of negative energy hits you!
You feel drained.
* * * LOW HITPOINT WARNING * * *
The bolt of negative energy hits the spectral orc warrior.
The spectral orc warrior completely resists.
The spectral orc warrior closely misses you.
Unknown command.
You feel much better.
You aren't carrying any items that you can evoke.
You fail to use your ability.
Nergalle says, "THAT's why.
How awful.
You!"
Nergalle casts a spell at you. The bolt of negative energy hits you!
You feel drained.
You die...
Your body crumbles into a pile of gold.

#.#### #######'###
#.........# #######
#.#.......## #.....#
#.#.......#. #.....#
#)#.......#. ###$....#
#.##........
##.....o.####.##........
.......@.+...........[..
##..$..Z.####.##......(.
#......Z# #.##........
#!#.....####.##........
.. #..........##........
# #..........##########
#..........# ####
#..........# #...
#...........#######...


You could see Nergalle and 2 spectral orc warriors.

Vanquished Creatures
  Gastronok (D:10)
  A two-headed ogre (D:10)
  An orc knight (D:9)
  A hippogriff (D:10)
  A wyvern (D:9)
  Sigmund (D:3)
  A vampire (D:10)
  4 yaks (D:9)
  A hungry ghost (D:7)
  Menkaure (D:4)
  16 wargs (D:9)
  2 water moccasins
  10 orc warriors
  A black bear (D:10)
  2 ice beasts
  A sky beast (D:9)
  2 phantoms
  8 ogres
  5 centaurs
  A big kobold (Sewer)
  8 bullfrogs
  Blork the orc (D:4)
  A wyvern zombie (D:8)
  A scorpion (D:10)
  3 killer bees (D:10)
  4 wights (D:7)
  A howler monkey (D:5)
  3 bullfrog zombies
  A centaur zombie (D:9)
  5 hounds
  A bullfrog skeleton (D:7)
  2 orc priests (D:9)
  A centaur skeleton (D:5)
  An iguana (D:4)
  Jessica (D:2)
  Ijyb (D:3)
  5 orc wizards
  5 worker ants
  A killer bee zombie (D:5)
  2 hound zombies
  4 gnolls (D:4)
  A howler monkey skeleton (D:4)
  6 adders
  A river rat (Sewer)
  2 shadow imps
  2 oozes
  An adder zombie (D:5)
  2 adder skeletons
  3 worms
  A dart slug (D:1)
  9 leopard geckos
  42 orcs
  2 ball pythons
  19 giant cockroaches
  6 hobgoblins
  8 jackals
  2 quokkas
  4 bats
  4 frilled lizards
  12 goblins
  10 kobolds
  A leopard gecko zombie (D:8)
  A quokka zombie (D:6)
  12 rats
264 creatures vanquished.

Vanquished Creatures (others)
  6 fungi (D:9)
  A plant (D:9)
7 creatures vanquished.

Grand Total: 271 creatures vanquished

Notes
Turn   | Place    | Note
-------+----------+-------------------------------------------
     0 | D:1      | Manul the Demonspawn Gladiator began the quest for the Orb.
     0 | D:1      | Reached XP level 1. HP: 16/16 MP: 1/1
   650 | D:1      | Gained mutation: You are partially covered in thin metallic scales. (AC +2) [demonic ancestry]
   650 | D:1      | Reached XP level 2. HP: 22/22 MP: 2/2
   724 | D:1      | Reached skill level 3 in Long Blades
  1427 | D:2      | Noticed Jessica
  1443 | D:2      | Killed Jessica
  1443 | D:2      | Gained mutation: You have a pair of small antennae on your head. [demonic ancestry]
  1443 | D:2      | Reached XP level 3. HP: 16/28 MP: 0/3
  1614 | D:2      | Reached skill level 1 in Armour
  1698 | D:2      | Reached XP level 4. HP: 34/34 MP: 4/4
  1701 | D:2      | Found a blossoming altar of Fedhas.
  2529 | D:3      | Found a glowing silver altar of Zin.
  2618 | D:3      | Noticed a bullfrog
  2645 | D:3      | Noticed Ijyb
  2645 | D:3      | Paralysed by Ijyb for 4 turns
  2655 | D:3      | Paralysed by Ijyb for 4 turns
  2670 | D:3      | Killed Ijyb
  2670 | D:3      | Gained mutation: You are immune to rotting. [demonic ancestry]
  2670 | D:3      | Reached XP level 5. HP: 33/39 MP: 5/5
  2675 | D:3      | Reached skill level 4 in Long Blades
  2731 | D:3      | Noticed Sigmund
  2754 | D:3      | Killed Sigmund
  2754 | D:3      | Reached skill level 1 in Stealth
  2754 | D:3      | Reached XP level 6. HP: 8/47 MP: 2/6
  2760 | D:3      | Found a glowing drain.
  2776 | Sewer    | Entered a sewer
  3238 | Sewer    | Found a white marble altar of Elyvilon.
  3623 | D:3      | Reached skill level 5 in Long Blades
  3966 | D:4      | Gained mutation: You regenerate a little health from kills. [demonic ancestry]
  3966 | D:4      | Reached XP level 7. HP: 29/52 MP: 4/7
  4275 | D:4      | Noticed Menkaure
  4287 | D:4      | Killed Menkaure
  4437 | D:4      | Reached skill level 6 in Long Blades
  4580 | D:4      | Found a snail-covered altar of Cheibriados.
  4716 | D:4      | Gained mutation: You may emit foul miasma when damaged in melee. [demonic ancestry]
  4716 | D:4      | Reached XP level 8. HP: 24/60 MP: 4/8
  4932 | D:4      | Noticed Blork the orc
  4943 | D:4      | Killed Blork the orc
  5166 | D:5      | Entered Level 5 of the Dungeon
  5321 | D:5      | Reached skill level 7 in Long Blades
  5365 | D:5      | Found a white marble altar of Elyvilon.
  6054 | D:6      | Found a staircase to the Ecumenical Temple.
  6179 | Temple   | Entered the Ecumenical Temple
  6253 | Temple   | Became a worshipper of Gozag Ym Sagoz the Greedy
  7207 | D:7      | Found Bor Ises's Antique Weapon Shoppe.
  7238 | D:7      | Reached skill level 5 in Fighting
  7238 | D:7      | Reached skill level 8 in Long Blades
  7238 | D:7      | Reached skill level 5 in Dodging
  7238 | D:7      | Reached XP level 9. HP: 64/68 MP: 7/9
  8139 | D:8      | Noticed a hand axe
  8140 | D:8      | Noticed a hand axe
  8238 | D:8      | Found a hide-covered altar of Uskayaw.
  8510 | D:8      | Reached skill level 9 in Long Blades
  9547 | D:9      | Gained mutation: You are mostly covered in thin metallic scales. (AC +3) [demonic ancestry]
  9547 | D:9      | Reached XP level 10. HP: 51/77 MP: 5/10
 10039 | D:9      | Found a staircase to the Lair.
 10182 | D:9      | Reached skill level 10 in Long Blades
 10234 | D:9      | Gained mutation: You expend magic power (3 MP) to strengthen your wands. [potion of mutation]
 10234 | D:9      | Gained mutation: You are frail. (-10% HP) [potion of mutation]
 10234 | D:9      | Gained mutation: Your system is resistant to poisons. (rPois) [potion of mutation]
 11063 | D:9      | Noticed an orc knight
 11087 | D:9      | Killed an orc knight
 11377 | D:9      | Bought a dazzling leather armour for 203 gold pieces
 11389 | D:9      | Identified the +1 leather armour of the Sky {rCorr} (You bought it in a shop on level 9 of the Dungeon)
 11539 | D:9      | Reached skill level 11 in Long Blades
 12151 | D:10     | Entered Level 10 of the Dungeon
 12175 | D:10     | Reached XP level 11. HP: 76/76 MP: 11/11
 12619 | D:10     | Noticed Nergalle
 12621 | D:10     | Noticed a two-headed ogre
 12627 | D:10     | Noticed a spectral orc warlord
 12665 | D:9      | Reached skill level 1 in Evocations
 12890 | D:10     | Noticed Gastronok
 12940 | D:10     | Killed Gastronok
 13076 | D:10     | Killed a two-headed ogre
 13275 | D:10     | HP: 1/77 [Nergalle/bolt of negative energy (27)]
 13277 | D:10     | Killed from afar by Nergalle

Vault maps used:
D:1:      dpeg_cavernosity
D:2:      nicolae_overflow_crystal_walls, kennysheep_generic_room_6,
          uniq_jessica
D:3:      minmay_roachtagon, marbit_many_paths, portal_sewer_entry_f,
          uniq_sigmund, uniq_ijyb
D:4:      kennysheep_big_flooded_room, cheibriados_altar_1, first_ration,
          uniq_menkaure, uniq_blork_the_orc
D:5:      minmay_liquid_box, elyvilon_altar_4
D:6:      minmay_temple_entry_junction
D:7:      serial_shops, shop
D:8:      dancing_weapons_uskayaw
D:9:      lemuel_castle_with_subvaults, grunt_lair_entry_orc_guard_hut,
          minmay_item_behind_shaft
D:10:     minmay_bloctagon_deflated, uniq_nergalle, uniq_gastronok
Temple:   regret_index_temple_mists
Sewer:    sewer_kobolds

Skill      XL: |  1  2  3  4  5  6  7  8  9 10 11 |
---------------+----------------------------------+-----
Dodging        | 3 4 5 6 |  6.9
Long Blades    | 3 4 5 6 8 9 11 | 11.7
Armour         | 1 2 3 4 |  4.8
Fighting       | 3 5 6 7 8 |  8.2
Stealth        | 1 2 3 4 |  4.8
Evocations     | 1 |  1.6
Throwing       | |  1.9

Action                   |  1- 3 |  4- 6 |  7- 9 | 10-12 || total
-------------------------+-------+-------+-------+-------++-------
Melee: Long sword        |    77 |   214 |   507 |   441 ||  1239
Throw: Throwing net      |     1 |     3 |       |     1 ||     5
Invok: Call Merchant     |       |       |       |     1 ||     1
       Potion Petition   |       |       |       |     1 ||     1
 Abil: Evoke Flight      |       |     1 |       |       ||     1
       Evoke Berserk Rag |       |       |       |     4 ||     4
Evoke: Wand              |       |     2 |       |       ||     2
  Use: Potion            |     1 |     2 |     5 |    11 ||    19
       Scroll            |       |     7 |     6 |     2 ||    15
 Stab: Sleeping          |     1 |     5 |     9 |     3 ||    18
       Held in net/web   |       |     3 |       |       ||     3
       Distracted        |       |       |     1 |     1 ||     2
       Invisible         |       |       |       |     1 ||     1
  Eat: Chunk             |     3 |     7 |     7 |       ||    17
       Ration            |       |       |     5 |     4 ||     9
Armor: Leather armour    |    16 |    64 |    95 |    98 ||   273
       Skin              |       |       |       |     2 ||     2
Dodge: Dodged            |    54 |   160 |   358 |   270 ||   842
       Rpst.: Long sword |    19 |    52 |   118 |    71 ||   260

Table legend:
 A = Spawn XP
 B = Non-spawn XP
 C = Spawn XP percentage of total XP
 D = Spawn monster count
 E = Non-spawn monster count
 F = Spawn count percentage of total count
 G = Total turns spent on level
                    A         B        C        D         E        F      G
               +---------+---------+-------+---------+---------+-------+---------
         Total |       0 |   15408 |   0.0 |       0 |     264 |   0.0 | 13277
               +---------+---------+-------+---------+---------+-------+---------
           D:1 |       0 |      34 |   0.0 |       0 |      20 |   0.0 |  1375
           D:2 |       0 |      81 |   0.0 |       0 |      18 |   0.0 |   904
           D:3 |       0 |     443 |   0.0 |       0 |      45 |   0.0 |  1123
           D:4 |       0 |     975 |   0.0 |       0 |      23 |   0.0 |  1236
           D:5 |       0 |     426 |   0.0 |       0 |      13 |   0.0 |   720
           D:6 |       0 |     362 |   0.0 |       0 |      10 |   0.0 |   886
           D:7 |       0 |    1186 |   0.0 |       0 |      20 |   0.0 |  1036
           D:8 |       0 |     570 |   0.0 |       0 |      14 |   0.0 |   775
           D:9 |       0 |    6917 |   0.0 |       0 |      79 |   0.0 |  3706
          D:10 |       0 |    4294 |   0.0 |       0 |      13 |   0.0 |   892
         Sewer |       0 |     120 |   0.0 |       0 |       9 |   0.0 |   528
               +---------+---------+-------+---------+---------+-------+---------
